AoeStats
← Barón de la Cerveza

Hideout

507196184Analyzed
1v1 RM · 16d ago on Sep 17, 2026· 53m 25s· 2 players
Game mode
Random Map
Map size
Tiny (2 player)
Population
200
Speed
Normal
Resources
Standard
Victory
Conquest
Starting age
Dark Age
Ending age
Imperial Age
RankedLock teamsTeams togetherTeam positionsShared explorationLock speedFull tech treeHidden civsTurbo modeCheats
Victory
Defeat
🇲🇽 Koreans · Mexico
1836
+16
🇨🇳 Malay · China
1840
-16
Barón de la Cerveza
9:51 Feudal Age
10:58 Loom
17:13 Castle Age
15:36 Fletching
17:12 Double-Bit Axe
21:53 Bow Saw
23:30 Horse Collar
23:52 Bodkin Arrow
27:06 Ballistics
33:42 Imperial Age
31:08 Gold Mining
31:08 Stone Mining
30:57 Elite Skirmisher
32:57 Heavy Plow
34:25 Bracer
35:31 Chemistry
37:55 Wheelbarrow
41:00 Hand Cart
41:24 Conscription
43:51 Elite War Wagon
45:23 Thumb Ring
45:42 Siege Engineers
47:43 Two-Man Saw
47:59 Masonry
48:55 Gambesons
49:10 Squires
48:31 Elite Fire Lancer
49:12 Scale Mail Armor
51:14 Murder Holes
51:51 Architecture
51:18 Heated Shot
51:16 Arrowslits
52:21 Town Watch
寡言悲观戏谑
9:20 Feudal Age
8:49 Man-at-Arms
10:33 Double-Bit Axe
13:39 Fletching
19:27 Castle Age
17:44 Horse Collar
17:58 Gold Mining
19:44 Wheelbarrow
19:23 Bodkin Arrow
19:21 Crossbowman
21:43 Bow Saw
21:36 Loom
24:45 Town Watch
30:10 Imperial Age
28:18 Ballistics
28:50 Gold Shaft Mining
28:40 Padded Archer Armor
29:38 Bracer
31:02 Chemistry
30:25 Arbalester
33:15 Conscription
34:35 Leather Archer Armor
34:52 Thumb Ring
40:41 Forging
40:52 Hand Cart
40:31 Stone Mining
42:01 Ring Archer Armor
43:15 Iron Casting
42:50 Forced Levy
45:43 Blast Furnace
44:06 Long Swordsman
45:05 Squires
45:14 Two-Handed Swordsman
46:28 Arson
47:10 Heavy Plow
47:37 Elite Skirmisher
48:13 Elite Skirmisher
Connection lost

Rejoining the realm…

Still unreachable

The connection could not be restored.

Session expired

The server has moved on; the page needs a fresh start.